 Seeded DCSS version 0.27.1-37-g7b29ead8ac (webtiles) character file.

Game seed: 2102612025325667141 (custom seed)

52619 tkbsonic5 the Unseen (level 14, -27/70 HPs)
             Began as a Felid Berserker on Feb 19, 2023.
             Was an Elder of Jiyva.
             Blown up by an orb spider (48 damage)
             ... with an orb of destruction
             ... on level 4 of the Spider Nest on Feb 23, 2023.
             The game lasted 02:56:06 (34686 turns).

tkbsonic5 the Unseen (Felid Berserker)             Turns: 34686, Time: 02:56:06

Health: -27/70     AC:  7    Str: 14    XL:     14   Next: 27%
Magic:  15/18      EV: 35    Int: 13    God:    Jiyva [****..]
Gold:   609        SH:  0    Dex: 24    Spells: 2/17 levels left
                                        Lives:  0   Deaths: 3

rFire    . . .     SeeInvis +     - Unarmed
rCold    + . .     Faith    +   (shield unavailable)
rNeg     . . .     Spirit   .   (armour unavailable)
rPois    +         Reflect  .   (helmet unavailable)
rElec    .         Harm     .   (cloak unavailable)
rCorr    +         Rampage  .   (gloves unavailable)
Will     ++...     Rnd*Rage +   (boots unavailable)
Stlth    +++++++++.             C - amulet of the Shining Light {Faith Int+4}
HPRegen  0.21/turn              B - ring of poison resistance
MPRegen  0.16/turn              b - ring "Ejuwag" {AC+4 Int+3 Stlth+}

@: mighty, quick
A: very small, claws 1, fangs 3, see invisible, speed 1, shaggy fur 3, stealthy
paws, no weapons or thrown items, no armour, multi-lived, berserk 1, mutation
resistance 1, passive freeze
a: Renounce Religion, Request Jelly, Slimify


You were on level 4 of the Spider Nest.
You worshipped Jiyva.
Jiyva was greatly pleased with you.
You visited 4 branches of the dungeon, and saw 27 of its levels.
You also visited: Ice Cave.

You collected 2291 gold pieces.
You spent 1682 gold pieces at shops.

Inventory:

Jewellery
 b - the ring "Ejuwag" (right paw) {AC+4 Int+3 Stlth+}
   (You acquired it on level 2 of the Dungeon)

   [ring of protection]

   AC:        It affects your AC (+4).
   Int:       It affects your intelligence (+3).
   Stlth:     It makes you more stealthy.
 d - the ring of Hozaumm {Fly rC+ Str+2}
   (You acquired it on level 4 of the Dungeon)

   [ring of protection from cold]

   Str:       It affects your strength (+2).
   rC:        It protects you from cold.
   Fly:       It grants you flight.
 p - an amulet of the acrobat
 r - the ring "Fest" {Contam MP+9 EV+4 Str+3 Int+4}
   (You acquired it on level 1 of the Spider Nest)

   [ring of evasion]

   EV:        It affects your evasion (+4).
   Str:       It affects your strength (+3).
   Int:       It affects your intelligence (+4).
   MP:        It affects your magic capacity (+9).
   Contam:    It causes magical contamination when unequipped.
 s - a +4 ring of protection
 v - a ring of willpower
 A - an amulet of guardian spirit
 B - a ring of poison resistance (left paw)
 C - the amulet of the Shining Light (around neck) {Faith Int+4}
   (You acquired it on level 8 of the Dungeon)

   [amulet of faith]

   It allows you to gain divine favour quickly.
   Int:       It affects your intelligence (+4).
Wands
 c - a wand of digging (15)
 k - a wand of flame (19)
Scrolls
 g - 3 scrolls of teleportation
 i - a scroll of magic mapping
 x - 3 scrolls of identify
 z - 2 scrolls of silence
 E - a scroll of amnesia
Potions
 a - 2 potions of attraction
 e - 3 potions of magic
 h - 2 potions of ambrosia
 j - 5 potions of flight
 m - 2 potions of cancellation
 q - 4 potions of lignification
 t - 3 potions of mutation
 u - a potion of berserk rage
Miscellaneous
 f - a lightning rod (3/4)
 n - a tin of tremorstones (2/2)
 o - a condenser vane


   Skills:
 * Level 13.3 Fighting
 - Level 17.0 Dodging
 - Level 19.6 Stealth
 - Level 16.2 Unarmed Combat
 * Level 2.1 Spellcasting
 * Level 1.3 Conjurations
 * Level 3.4 Hexes
 + Level 0.7 Summonings
 - Level 1.3 Necromancy
 * Level 3.0 Transmutations
 * Level 2.5 Ice Magic
 * Level 2.0 Air Magic
 * Level 2.0 Poison Magic
 - Level 11.2 Evocations


You had 2 spell levels left.
You knew the following spells:

 Your Spells              Type           Power      Damage    Failure   Level
a - Ensorcelled Hibernat  Hex/Ice        18%        N/A       11%         2
b - Spider Form           Tmut/Pois      3%         N/A       26%         3
c - Wereblood             Tmut           9%         N/A       11%         2
d - Beastly Appendage     Tmut           18%        N/A       8%          1
e - Mephitic Cloud        Conj/Pois/Air  6%         N/A       36%         3
f - Pain                  Necr           16%        1d4       14%         1
g - Magic Dart            Conj           16%        1d3       14%         1
h - Call Imp              Summ           3%         N/A       28%         2

Your spell library contained the following spells:

 Spells                   Type           Power      Damage    Failure   Level
 Corona                   Hex            11%        N/A       6%          1
 Tukima's Dance           Hex            10%        N/A       19%         3
 Animate Dead             Necr           2%         N/A       82%         4
 Shadow Creatures         Summ           N/A        N/A       100%        6


Dungeon Overview and Level Annotations

Branches:
Dungeon (15/15)            Temple (0/1) D:6            Lair (6/6) D:11
  Swamp (0/4) Lair:2       Spider (4/4) Lair:3        Slime (0/5) Lair:6
    Orc (2/2) D:10         Vaults (0/5) D:13         Depths (0/5) D:15
  IceCv (visited)
    Elf: Orc:2

Altars:
Ashenzari
Fedhas
Kikubaaqudgha
Okawaru
Qazlal
Ru
Wu Jian
Jiyva

Shops:
D:7 [   D:10 [   D:11 (   D:15 *   Orc:2 :=*[

Portals:
Trove: D:12 (give horn of Geryon)

Annotations:
D:9 exclusion: orange crystal statue
D:14 1 runed translucent door
Lair:4 exclusion: oklob plant
Orc:2 1 runed translucent door, Rupert


Innate Abilities, Weirdness & Mutations

You have sharp claws.
You have razor-sharp teeth.
You have supernaturally acute eyesight. (SInv)
You cover ground quickly. (Speed+)
Your thick and shaggy fur keeps you warm. (AC +3, rC+)
Your paws help you pounce on unaware monsters.
You are incapable of wielding weapons or throwing items.
You cannot wear armour.
You gain extra lives every three experience levels.
You tend to lose your temper in combat.
You are somewhat resistant to further mutation.
A frigid envelope surrounds you and freezes all who hurt you.


Message History

The redback completely misses you.
You mangle the redback!!
You kill the redback!
Your Air Magic skill increases to level 2!
You claw the redback! Your bite misses the redback.
The redback is severely wounded.
The redback completely misses you.
You barely miss the redback.
The redback is severely wounded.
The redback closely misses you.
You mangle the redback!!
You kill the redback!
You claw the jumping spider! You headbutt the jumping spider.
You bite the jumping spider!
You kill the jumping spider!
Your Poison Magic skill increases to level 2!
Casting: Beastly Appendage (safe; 8% risk of failure)
Confirm with . or Enter, or press ? or * to list all spells.
Okay, then.
Casting: Beastly Appendage (safe; 8% risk of failure)
Confirm with . or Enter, or press ? or * to list all spells.
A metallic apparition takes form in the air.
Your transformation is almost over.
The orb spider begins to weave its threads into a brightly glowing ball.
An orb spider is nearby!
Casting: Call Imp (dangerous; 28% risk of failure)
Confirm with . or Enter, or press ? or * to list all spells.
Okay, then.
Casting: Call Imp (dangerous; 28% risk of failure)
Confirm with . or Enter, or press ? or * to list all spells.
Aiming: Ensorcelled Hibernation (safe; 11% risk of failure)
Press: ? - help, Shift-Dir - straight line, f - orb spider
Aim: an orb spider (fully charged, chance to affect: 24%)
The orb spider resists with almost no effort.
The orb spider weaves a glowing orb of energy.
An orb of destruction comes into view.
Your horns disappear.
The orb of destruction hits you!!!
Ouch! That really hurt!
You die...

#..^...##.............^#.^
#.......##.^.s.....^...#.^
#.##.##.^#####^..########.
###^.#..##....†###.....#..
#.##^......^..s.^#....###†
#..^...#.########.........
#....#####.°°..#...#......
#.#...#^.#5.s..#...######.
#*#....†.@○#^...........##
#^........#.^..........,*
#######################**


You could see an orb spider and a friendly iron imp (summoned).

Vanquished Creatures
  An acid blob (Lair:6)
  Frances (D:12)
  An orc warlord (Orc:2)
  A ghost moth (Spider:4)
  A stone giant (D:15)
  An entropy weaver (Spider:1)
  A rakshasa (D:14)
  12 hydras
  Erica (D:8)
  A centaur warrior (D:8)
  5 boulder beetles
  A catoblepas (Lair:2)
  5 two-headed ogres
  A death knight (D:12)
  A death yak (Lair:2)
  4 tengu warriors
  2 orc high priests (Orc:2)
  2 skeletal warriors
  A goliath frog (Lair:6)
  A deep elf archer (D:13)
  2 bog bodies (Lair:2)
  17 wolf spiders
  A necromancer (D:13)
  5 orc knights
  2 orc sorcerers (Orc:2)
  11 ugly things
  A deep elf pyromancer (D:14)
  A cyclops (D:15)
  3 orb spiders
  4 manticores
  4 black mambas
  8 elephants
  A torpor snail (Lair:5)
  14 cane toads
  5 komodo dragons
  A kobold demonologist (D:8)
  A yaktaur (shapeshifter) (D:8)
  An unseen horror (D:13)
  2 tengu conjurers
  2 rime drakes (Lair:6)
  4 demonic crawlers
  3 meliai (D:14)
  A queen bee (shapeshifter) (D:15)
  5 trolls
  2 tyrant leeches
  Grinder (D:5)
  9 polar bears
  A hornet (D:9)
  10 slime creatures
  5 jumping spiders
  26 blink frogs
  55 redbacks
  4 wraiths
  2 shadows (D:12)
  15 tarantellas
  2 vampires (D:13)
  A water elemental (D:15)
  4 wyverns
  33 yaks
  4 basilisks
  Grum (D:8)
  6 vampire mosquitoes
  A death yak simulacrum (IceCv)
  10 wargs
  An acid dragon (D:11)
  2 swamp worms (Lair:2)
  12 water moccasins
  23 orc warriors
  2 black bears
  3 ice beasts
  2 necrophages
  14 wolves
  5 ogres
  8 centaurs
  A phantom (D:6)
  A kobold brigand (D:8)
  19 bullfrogs
  A wyvern zombie (D:8)
  2 gnoll sergeants
  2 scorpions
  A water moccasin zombie (D:6)
  3 elf skeletons (D:4)
  2 water moccasin skeletons
  6 killer bees (D:9)
  5 howler monkeys
  2 wights (D:8)
  4 electric eels
  A bullfrog zombie (D:6)
  5 centaur zombies
  6 orc priests
  2 gnoll shamans (D:8)
  Crazy Yiuf (D:3)
  A hound (D:5)
  4 iguanas
  5 orc wizards
  9 hell rats
  5 human skeletons (D:4)
  2 polar bear simulacra (IceCv)
  A killer bee zombie (D:8)
  8 gnolls
  4 adders
  A shadow imp (D:7)
  A white imp (D:7)
  An adder skeleton (D:4)
  2 dart slugs
  25 orcs
  11 endoplasms
  6 giant cockroaches
  10 goblins
  4 hobgoblins
  2 jackals (D:5)
  9 quokkas
  4 ball pythons
  5 bats
  3 frilled lizards
  5 kobolds
  3 orc skeletons (D:4)
  2 rats
604 creatures vanquished.

Vanquished Creatures (collateral kills)
  A deep elf knight (D:13)
  3 orb spiders (Spider:1)
  A black mamba (Lair:6)
  3 jumping spiders (Spider:1)
  6 slime creatures
  A tarantella (Spider:1)
  5 redbacks (Spider:1)
  3 yaks (Lair:6)
  3 gnolls
26 creatures vanquished.

Vanquished Creatures (others)
  A skeletal warrior (D:14)
  A demonic crawler (Spider:1)
  A slime creature (D:14)
  2 wights (D:8)
  22 jellies
  42 fungi
  113 plants
  5 withered plants (D:12)
187 creatures vanquished.

Grand Total: 817 creatures vanquished

Notes
Turn   | Place    | Note
-------+----------+-------------------------------------------
     0 | D:1      | tkbsonic5 the Felid Berserker began the quest for the Orb.
     0 | D:1      | Reached XP level 1. HP: 10/10 MP: 2/2
   568 | D:1      | Reached skill level 1 in Stealth
   568 | D:1      | Reached XP level 2. HP: 6/14 MP: 3/3
  1613 | D:2      | Reached skill level 2 in Stealth
  1656 | D:2      | Reached XP level 3. HP: 17/17 MP: 4/4
  2439 | D:2      | Identified a scroll of acquirement
  2439 | D:2      | Acquired the ring "Ejuwag" {AC+4 Int+3 Stlth+}
  2456 | D:3      | Found a blossoming altar of Fedhas.
  2511 | D:3      | Reached XP level 4. HP: 21/21 MP: 5/5
  2540 | D:3      | Reached ** piety under Trog
  3084 | D:3      | Found a runed translucent door.
  3085 | D:3      | Noticed Crazy Yiuf
  3130 | D:3      | Found a faded altar of an unknown god.
  3248 | D:3      | Found an ornate altar of the Wu Jian Council.
  3317 | D:3      | Found a sacrificial altar of Ru.
  3415 | D:3      | Killed Crazy Yiuf
  3416 | D:3      | Reached skill level 3 in Stealth
  3416 | D:3      | Reached XP level 5. HP: 25/25 MP: 6/6
  3588 | D:4      | Reached skill level 5 in Dodging
  4115 | D:4      | Acquired a manual of Stealth
  4117 | D:4      | Acquired the ring of Hozaumm {Fly rC+ Str+2}
  4120 | D:4      | Acquired a manual of Unarmed Combat
  4287 | D:4      | Reached skill level 4 in Stealth
  4302 | D:4      | Gained mutation: You are covered in thick fur. (AC +2)
                  | [Felid growth]
  4302 | D:4      | Reached XP level 6. HP: 23/28 MP: 7/7
  4387 | D:4      | Reached skill level 5 in Stealth
  4392 | D:4      | Reached skill level 5 in Unarmed Combat
  4518 | D:4      | Reached skill level 6 in Stealth
  4546 | D:5      | Entered Level 5 of the Dungeon
  4572 | D:5      | Reached XP level 7. HP: 33/33 MP: 8/8
  4602 | D:5      | Reached skill level 5 in Fighting
  4663 | D:5      | Reached skill level 7 in Stealth
  5200 | D:5      | Noticed a wyvern
  5221 | D:5      | Killed a wyvern
  5222 | D:5      | Reached skill level 8 in Stealth
  5222 | D:5      | Reached XP level 8. HP: 37/37 MP: 9/9
  5328 | D:5      | Noticed Grinder
  5338 | D:5      | Killed Grinder
  5470 | D:5      | Reached *** piety under Trog
  5540 | D:5      | Reached skill level 9 in Stealth
  5764 | D:6      | Found a staircase to the Ecumenical Temple.
  5808 | D:6      | You are sucked into a shaft and drop 1 floor!
  6033 | D:7      | Found a stormy altar of Qazlal.
  6037 | D:7      | Reached XP level 9. HP: 41/41 MP: 10/10
  6307 | D:7      | Reached skill level 1 in Evocations
  6595 | D:7      | Found Vynesmo's Armour Boutique.
  7207 | D:8      | Noticed a centaur warrior
  7209 | D:8      | Reached skill level 10 in Stealth
  7215 | D:8      | Killed a centaur warrior
  7216 | D:8      | Reached skill level 11 in Stealth
  7216 | D:8      | Reached skill level 10 in Unarmed Combat
  7223 | D:8      | Reached skill level 10 in Dodging
  7277 | D:8      | Noticed a yaktaur
  7280 | D:8      | Noticed a kobold demonologist
  7282 | D:8      | Killed a yaktaur
  7287 | D:8      | Noticed an ice devil
  7292 | D:8      | Killed a kobold demonologist
  7293 | D:8      | Reached skill level 12 in Stealth
  7293 | D:8      | Reached XP level 10. HP: 46/46 MP: 11/11
  7301 | D:8      | Noticed a boulder beetle
  7303 | D:8      | Noticed a boulder beetle
  7307 | D:8      | Mangled by a boulder beetle
  7308 | D:8      | Reached XP level 9. HP: -6/42 MP: 10/10
  7311 | D:8      | Noticed Erica
  7316 | D:8      | Killed Erica
  7385 | D:8      | Killed a boulder beetle
  7386 | D:8      | Reached skill level 13 in Stealth
  7386 | D:8      | Reached skill level 5 in Evocations
  7398 | D:8      | Killed a boulder beetle
  7399 | D:8      | Reached XP level 10. HP: 36/47 MP: 11/11
  7672 | D:8      | Reached skill level 14 in Stealth
  7691 | D:8      | You are sucked into a shaft and drop 1 floor!
  7876 | D:9      | Noticed an orange crystal statue
  7996 | D:9      | Found a broken altar of Ashenzari.
  8696 | D:10     | Entered Level 10 of the Dungeon
  8969 | D:10     | Found a staircase to the Orcish Mines.
  8970 | D:10     | Found Tiolan's Armour Shoppe.
  9593 | D:11     | Found Bygob's Weapon Boutique.
  9598 | D:11     | Found a staircase to the Lair.
  9635 | D:11     | Reached **** piety under Trog
  9636 | D:11     | Reached skill level 15 in Stealth
  9719 | D:11     | Reached XP level 11. HP: 46/52 MP: 12/12
 10472 | Lair:1   | Entered Level 1 of the Lair of Beasts
 11682 | Lair:2   | Reached skill level 16 in Stealth
 12014 | Lair:2   | Noticed a bog body
 12029 | Lair:2   | Killed a bog body
 12035 | Lair:2   | Noticed a bog body
 12057 | Lair:2   | Noticed a six-headed hydra
 12081 | Lair:2   | Killed a six-headed hydra
 12153 | Lair:2   | Noticed a death yak
 12165 | Lair:2   | Killed a death yak
 12257 | Lair:2   | Noticed a catoblepas
 12257 | Lair:2   | Noticed a seven-headed hydra
 12262 | Lair:2   | Killed a seven-headed hydra
 12266 | Lair:2   | Killed a catoblepas
 12267 | Lair:2   | Gained mutation: Your thick and shaggy fur keeps you warm.
                  | (AC +3, rC+) [Felid growth]
 12267 | Lair:2   | Reached XP level 12. HP: 57/57 MP: 13/13
 12450 | Lair:2   | Noticed a seven-headed hydra
 12463 | Lair:2   | Reached skill level 17 in Stealth
 12511 | Lair:2   | Killed a seven-headed hydra
 12642 | Lair:2   | Found a staircase to the Swamp.
 12885 | Lair:2   | HP: 3/85 [electric eel/bolt of electricity (7)]
 13517 | Lair:3   | Found a hole to the Spider Nest.
 13662 | Lair:3   | Found a dark tunnel.
 14960 | Lair:4   | Reached skill level 10 in Fighting
 14982 | Lair:4   | Noticed a five-headed hydra
 14989 | Lair:4   | Killed a five-headed hydra
 15616 | Lair:5   | Found a frozen archway.
 15642 | Lair:5   | Noticed a seven-headed hydra
 15663 | Lair:5   | Killed a seven-headed hydra
 15671 | IceCv    | Entered an ice cave
 15672 | IceCv    | Found a transporter.
 15692 | IceCv    | Found a transporter.
 16034 | Lair:5   | Noticed an eight-headed hydra
 16038 | Lair:5   | Killed an eight-headed hydra
 16301 | Lair:6   | Entered Level 6 of the Lair of Beasts
 16301 | Lair:6   | Noticed a seven-headed hydra
 16305 | Lair:6   | Killed a seven-headed hydra
 16331 | Lair:5   | Reached XP level 13. HP: 55/62 MP: 14/14
 16429 | Lair:5   | Reached skill level 10 in Evocations
 17528 | Lair:5   | Reached skill level 18 in Stealth
 17847 | Lair:6   | Reached ***** piety under Trog
 17970 | Lair:6   | Identified the +0 chain mail of Devotion {rF+ Int+3 Slay-3
                  | Stlth+}
 19117 | Lair:6   | Found a runed translucent door.
 19121 | Lair:6   | Found a viscous altar of Jiyva.
 19121 | Lair:6   | Noticed an acid blob
 19123 | Lair:6   | Found a staircase to the Slime Pits.
 19705 | D:12     | Found a portal to a secret trove of treasure.
 19835 | D:12     | Found an ancient bone altar of Kikubaaqudgha.
 19974 | D:12     | Noticed Frances
 20460 | D:12     | Killed Frances
 21071 | D:13     | Reached XP level 14. HP: 67/67 MP: 15/15
 21089 | D:13     | Reached skill level 15 in Unarmed Combat
 21094 | D:13     | Reached skill level 15 in Dodging
 22321 | D:13     | Found a gate to the Vaults.
 24352 | D:14     | Found a broken altar of Ashenzari.
 24709 | D:15     | Entered Level 15 of the Dungeon
 25103 | D:15     | Reached skill level 19 in Stealth
 25146 | D:15     | Found Tuacw's Assorted Antiques.
 25223 | D:15     | Bought a scroll of teleportation for 87 gold pieces
 25223 | D:15     | Bought a potion of heal wounds for 145 gold pieces
 25223 | D:15     | Bought a potion of might for 116 gold pieces
 25223 | D:15     | Bought a scroll of blinking for 217 gold pieces
 25379 | D:15     | Found a staircase to the Depths.
 25379 | D:15     | Noticed a stone giant
 25387 | D:15     | Killed a stone giant
 25717 | Orc:1    | Entered Level 1 of the Orcish Mines
 26633 | Orc:2    | Entered Level 2 of the Orcish Mines
 26645 | Orc:2    | Found Finecw's General Store.
 26962 | Orc:2    | Bought a scroll of silence for 97 gold pieces
 26962 | Orc:2    | Bought an amulet of guardian spirit for 390 gold pieces
 26980 | Orc:2    | Found Fenahusu's Book Shoppe.
 26980 | Orc:2    | Noticed an orc warlord
 26998 | Orc:2    | Found Zufaus's Antique Armour Emporium.
 27009 | Orc:2    | Reached XP level 15. HP: 73/73 MP: 16/16
 27029 | Orc:2    | Noticed Rupert
 27062 | Orc:2    | Paralysed by Rupert for 2 turns
 27077 | Orc:2    | Annihilated by Rupert
 27078 | Orc:2    | Reached XP level 14. HP: -25/103 MP: 15/15
 27078 | Orc:2    | Upgraded the game from 0.27.1-36-g1b1ada6b1e to
                  | 0.27.1-37-g7b29ead8ac
 27262 | Orc:2    | Killed an orc warlord
 27332 | Orc:2    | Found Mihael's Jewellery Shoppe.
 27345 | Orc:2    | Bought a ring of willpower for 350 gold pieces
 27345 | Orc:2    | Bought a ring of poison resistance for 280 gold pieces
 27407 | Orc:2    | Found a runed translucent door.
 27666 | Spider:1 | Entered Level 1 of the Spider Nest
 28184 | Spider:1 | Acquired the ring "Fest" {Contam MP+9 EV+4 Str+3 Int+4}
 28847 | Spider:1 | Succumbed to a redback's poison
 28848 | Spider:1 | Reached XP level 13. HP: 0/66 MP: 1/14
 29007 | Lair:6   | Killed an acid blob
 29048 | Lair:6   | Fell from the grace of Trog
 29048 | Lair:6   | Became a worshipper of Jiyva Jamotte the Shapeless
 29256 | Lair:1   | Got the Disquisition on Evil Rituals
 29787 | D:8      | Learned a level 2 spell: Ensorcelled Hibernation
 29791 | D:8      | Learned a level 3 spell: Spider Form
 29794 | D:8      | Learned a level 2 spell: Wereblood
 29796 | D:8      | Learned a level 1 spell: Beastly Appendage
 29800 | D:8      | Learned a level 3 spell: Mephitic Cloud
 29802 | D:8      | Learned a level 1 spell: Pain
 29845 | D:7      | Gained mutation: Your mind is acute. (Int +2) [mutagenic
                  | glow]
 29939 | D:8      | Reached * piety under Jiyva
 29960 | D:8      | Noticed Grum
 29968 | D:8      | Killed Grum
 29976 | D:8      | Reached ** piety under Jiyva
 30132 | D:8      | Acquired the amulet of the Shining Light {Faith Int+4}
 30222 | D:8      | Reached *** piety under Jiyva
 30569 | D:6      | Found an iron altar of Okawaru.
 30938 | D:5      | Lost mutation: Your mind is acute. (Int +2) [Jiyva's grace]
 31332 | D:14     | Reached **** piety under Jiyva
 31366 | D:14     | Gained mutation: A frigid envelope surrounds you and
                  | freezes all who hurt you. [Jiyva's grace]
 31377 | D:14     | Reached skill level 1 in Hexes
 31403 | D:14     | Reached skill level 1 in Air Magic
 31532 | D:14     | Found a runed translucent door.
 31655 | D:15     | Learned a level 1 spell: Magic Dart
 31893 | Spider:1 | Reached skill level 1 in Spellcasting
 31893 | Spider:1 | Reached skill level 1 in Transmutations
 31915 | Spider:1 | Reached skill level 1 in Ice Magic
 31995 | Spider:1 | Killed an entropy weaver
 31996 | Spider:1 | Reached skill level 1 in Poison Magic
 33167 | Spider:1 | Learned a level 2 spell: Call Imp
 33198 | Spider:1 | Reached skill level 1 in Necromancy
 33200 | Spider:1 | Reached XP level 14. HP: 62/70 MP: 17/17
 33424 | Spider:1 | Gained mutation: You tend to lose your temper in combat.
                  | [mutagenic glow]
 33485 | Spider:1 | Noticed an emperor scorpion
 33507 | Spider:1 | Slimified an emperor scorpion
 33507 | Spider:1 | Noticed an acid blob
 33507 | Spider:1 | an emperor scorpion changed into an acid blob
 33702 | Spider:1 | Reached skill level 1 in Conjurations
 33830 | Spider:1 | You fall into a shaft and drop 1 floor!
 33921 | Spider:4 | Entered Level 4 of the Spider Nest
 34520 | Spider:4 | Noticed a ghost moth
 34521 | Spider:4 | Gained mutation: You are somewhat resistant to further
                  | mutation. [Jiyva's grace]
 34523 | Spider:4 | Killed a ghost moth
 34686 | Spider:4 | Blown up by an orb spider

Illustrated notes

Levels and vault maps discovered:
D:1:      minmay_arrival_up_and_down, layout_basic
D:2:      layout_basic, grunt_ministairs_11, serial_bayou_lake_a
D:3:      layout_loops_ring, fedhas_altar_2, mainiacjoe_overflow_big_doors,
          ebering_ecumenical_altar_webs, grunt_ministairs_9,
          uniq_crazy_yiuf_cottage
D:4:      layout_basic, nicolae_ossuary_entry_catacombs, minmay_misc_feat_chi
D:5:      layout_loops_cross, uniq_grinder
D:6:      layout_rooms, okawaru_trees_1, temple_fountains, serial_curves,
          eino_curves_03, eino_curves_02, minmay_misc_feat_enclosed
D:7:      layout_layer_cave, mainiacjoe_overflow_tiny_flanked, serial_shops,
          shop_statue
D:8:      hangedman_cross_stitches, layout_basic, serial_corexii_hall,
          corexii_hall_statues_x, corexii_hall_statues_s,
          corexii_hall_statues_i, corexii_hall_statues_i,
          corexii_hall_statues_i, chequers_hall_statues_y, nrook_loot_triangle,
          minmay_manual_monstrance, uniq_erica, uniq_grum
D:9:      layout_loops_ring, mainiacjoe_overflow_concentric_impassable,
          minmay_statue_bubble
D:10:     layout_loops_corners, orc_david_3
D:11:     layout_irregular_city, david_lair_shrubbed, serial_shops, shop,
          minmay_statues_item
D:12:     layout_loops_cross, enter_trove_2, kiku_gazebo_garden_becter,
          uniq_frances
D:13:     layout_cave_pods, david_vaults_1, beargit_elvish_explorers
D:14:     gammafunk_indiana_jones, layout_basic, cheibrodos_ashenzari_chains
D:15:     grunt_enter_depths_snipers, layout_irregular_city,
          minmay_misc_feat_diagonals, hangedman_decor_riveting,
          nicolae_inconvenience_store
Lair:1:   layout_long_grid
Lair:2:   beast_lair_carwin_large_1, layout_layer_cave,
          nicolae_swamp_entry_splash_gauntlet, minmay_shattered_shrine
Lair:3:   layout_regular_city, nicolae_spider_entry_orb_guardian,
          lightli_volcano_entry_magma_tube, lemuel_fruit_fields
Lair:4:   layout_hall_layers, minmay_lair_oklob_chamber
Lair:5:   layout_hall_layers, portal_ice_cave_entry_pillars_2
Lair:6:   minmay_lair_end_frog_pond, layout_small_grid, slime_altar_2,
          cheibrodos_lair_lostbears
Spider:1: layout_spider_delve, drop_trap, spiders_nest_spider_trap
Spider:2: layout_spider_delve, special_room [special_room_bee],
          nicolae_spider_nook, uniq_louise
Spider:3: layout_spider_delve
Spider:4: spider_rune_water
Orc:1:    layout_caves, serial_shops, shop, mines5_lemuel
Orc:2:    grunt_orc_gardens, layout_caves, grunt_orc_garden, grunt_orc_garden,
          grunt_orc_garden, grunt_orc_garden, serial_shops, shop, basic_altar,
          ebering_ghost_reflecting_pool, uniq_rupert

Skill      XL: |  1  2  3  4  5  6  7  8  9 10 11 12 13 14 |
---------------+-------------------------------------------+-----
Stealth        | 1 2 3 4 6 8 9 13 15 16 17 18 19 | 19.6
Unarmed Combat | 4 5 7 9 11 12 13 14 16 | 16.2
Dodging        | 5 6 7 9 10 11 12 13 17 16 | 17.0
Fighting       | 4 5 6 7 8 9 10 11 13 | 13.3
Evocations     | 5 7 8 9 10 11 | 11.2
Hexes          | 2 3 |  3.4
Air Magic      | 1 2 |  2.0
Spellcasting   | 1 2 |  2.1
Transmutations | 1 3 |  3.0
Ice Magic      | 1 2 |  2.5
Poison Magic   | 1 2 |  2.0
Necromancy     | 1 |  1.3
Conjurations   | 1 |  1.3
Summonings     | |  0.7

Action                   |  1- 3 |  4- 6 |  7- 9 | 10-12 | 13-15 || total
-------------------------+-------+-------+-------+-------+-------++-------
Melee: Unarmed           |    91 |   118 |   175 |   368 |   958 ||  1710
       Bite              |     3 |    15 |    17 |    36 |   105 ||   176
       Punch             |       |     1 |     5 |    21 |    74 ||   101
       Headbutt          |       |       |       |       |    19 ||    19
 Cast: Beastly Appendage |       |       |       |       |    24 ||    24
       Magic Dart        |       |       |       |       |    12 ||    12
       Ensorcelled Hiber |       |       |       |       |    15 ||    15
       Spider Form       |       |       |       |       |    12 ||    12
       Wereblood         |       |       |       |       |     8 ||     8
       Pain              |       |       |       |       |     5 ||     5
       Call Imp          |       |       |       |       |     8 ||     8
       Mephitic Cloud    |       |       |       |       |     3 ||     3
Invok: Berserk           |     4 |     2 |     7 |     7 |    36 ||    56
       Trog's Hand       |       |       |     4 |    10 |    10 ||    24
       Brothers in Arms  |       |       |       |       |    14 ||    14
       Slimify           |       |       |       |       |     2 ||     2
       Request Jelly     |       |       |       |       |     1 ||     1
Evoke: Wand              |       |       |       |    85 |    57 ||   142
       Lightning rod     |       |       |       |       |    19 ||    19
       Condenser vane    |       |       |       |       |     5 ||     5
       Tin of tremorston |       |       |       |       |     3 ||     3
  Use: Scroll            |     2 |     4 |     4 |    12 |    23 ||    45
       Potion            |       |       |     8 |     4 |    35 ||    47
 Stab: Sleeping          |    14 |    19 |    16 |    35 |    28 ||   112
       Distracted        |       |       |       |     2 |     8 ||    10
       Confused          |       |       |       |       |     2 ||     2
       Held in net/web   |       |       |       |       |     1 ||     1
Armor: Skin              |     1 |    14 |    18 |    32 |   118 ||   183
Dodge: Dodged            |    55 |    52 |   116 |   288 |  1005 ||  1516
